 Dungeon Crawl Stone Soup version 0.31-a0-1068-g5939ac1fb6 (webtiles) character file.

Game seed: 7307396999473409215

26 kae the Vexing (level 2, -1/19 HPs)
             Began as a Demonspawn Enchanter on Nov 23, 2023.
             Slain by a hobgoblin (3 damage)
             ... on level 1 of the Dungeon.
             The game lasted 00:00:31 (610 turns).

kae the Vexing (Demonspawn Enchanter)                Turns: 610, Time: 00:00:31

Health: -1/19      AC:  2    Str:  8    XL:     2   Next: 89%
Magic:  5/5        EV: 12    Int: 16    God:
Gold:   5          SH:  0    Dex: 13    Spells: 5/5 levels left

rFire   . . .        e - +2 dagger (pain)
rCold   . . .        (no shield)
rNeg    . . .        b - +0 robe
rPois   .            (no helmet)
rElec   .            (no cloak)
rCorr   .            (no gloves)
SInv    .            (no boots)
Will    .....        (no amulet)
Stlth   ++           (no ring)
HPRegen 0.23/turn    (no ring)
MPRegen 0.09/turn

%: no passive effects
@: no status effects
A: weakness stinger 1
a: no special abilities


You were on level 1 of the Dungeon.
You visited 1 branch of the dungeon, and saw 1 of its levels.

You collected 5 gold pieces.


Innate Abilities, Weirdness & Mutations

You have a small tail.


   Skills:
 * Level 1.6 Short Blades
 + Level 2.0 Dodging
 + Level 2.9 Stealth
 + Level 2.1 Spellcasting
 * Level 3.3 Hexes


You had 5 spell levels left.
You didn't know any spells.
Your spell library contained the following spells:

 Spells                   Type           Power      Damage    Failure   Level
 Ensorcelled Hibernation  Hex/Ice        14%        N/A       16%         2
 Confusing Touch          Hex            12%        N/A       16%         3
 Tukima's Dance           Hex            12%        N/A       16%         3
 Dazzling Flash           Conj/Hex       14%        N/A       30%         3

Inventory:

Hand Weapons
 a - a +1 dagger
 e - a +2 dagger of pain (weapon)
   (You took it off a goblin on level 1 of the Dungeon)
 g - a +3 dagger
   (You took it off a kobold on level 1 of the Dungeon)
Missiles
 j - 3 stones
Armour
 b - a +0 robe (worn)
Scrolls
 d - a scroll of summoning {unknown}
 f - a scroll of blinking {unknown}
 h - a scroll of poison {unknown}
 i - a scroll of identify {unknown}
Potions
 c - 2 potions of invisibility
 k - a potion of mutation {unknown}
 l - a potion of haste {unknown}

Dungeon Overview and Level Annotations

Branches:
Dungeon (1/15) Zot: 5392

Altars:

#.# #.# #.# #.#
####.##########
#.#
#.....#........
#.####
#.....#........
#.....
#.....#........
######
#.....#........
#.....#.)......
#.##
#......@g......
#.#.
#.....#........
#.#.
#.....#........
#.#.
#.....#........
#.#.
#######........
#.#. #........
#.## #########
#.## #†.. ####


You could see a hobgoblin.


Message History

You take 2 damage, and now have 7/19 hp.
Unknown command.
The rat attacks as it pursues you! The rat misses you.
You hit the rat.
You kill the rat! 😨 HP[+1]
You hit the goblin. You tail-slap the goblin.
You kill the goblin!
Unknown command.
The hobgoblin closely misses you.
Things that are here:
a +0 dagger; a goblin corpse You hit the hobgoblin.
The hobgoblin closely misses you.
You hit the hobgoblin but do no damage. The hobgoblin closely misses you.
Unknown command.
You hit the hobgoblin. The hobgoblin hits you.
* * * LOW HITPOINT WARNING * * *
You closely miss the hobgoblin.
Your tail-slap misses the hobgoblin.
The hobgoblin barely misses you.
You hit the hobgoblin but do no damage.
The hobgoblin hits you but does no damage.
You hit the hobgoblin.
You kill the hobgoblin!
The kobold throws a stone.
The stone hits you but does no damage. 😨 HP[+1]
You closely miss the kobold. The kobold closely misses you.
You hit the kobold.
Your tail-slap misses the kobold.
The kobold closely misses you.
You hit the kobold.
You kill the kobold! 😮 HP[+1]
j - 3 stones You see here a +0 short sword.
You start resting. 😕 HP[+6]
You regained 6 hp, and now have 16/19 hp.
No target in view!
No target in view!
No target in view!
No target in view!
You open the door.
There is an open door here.
k - an orange potion 😎 HP[+3]
Your hp is fully restored (19).
No target in view!
No target in view!
l - a bubbling red potion A hobgoblin, an endoplasm and 2 kobolds come into view.
The kobold shouts! x2
The kobold barely misses you.
There are monsters nearby!
You closely miss the kobold.
Your tail-slap misses the kobold.
The kobold hits you with a +0 whip. The kobold hits you with a +0 dagger.
You hit the kobold.
You kill the kobold!
The kobold hits you with a +0 dagger. 😮 HP[-6]
You take 6 damage, and now have 13/19 hp.
MASSIVE DAMAGE!! (PAUSE)
You are too injured to fight recklessly!
You are too injured to fight recklessly!
You barely miss the endoplasm. The endoplasm freezes you.
You are frozen.
The kobold hits you with a +0 dagger.
* * * LOW HITPOINT WARNING * * *
😨 HP[-5]
You take 5 damage, and now have 8/19 hp.
MASSIVE DAMAGE!! (PAUSE)
You hit the kobold.
You tail-slap the kobold, but do no damage.
The endoplasm freezes you.
You are frozen.
* * * LOW HITPOINT WARNING * * *
The kobold hits you but does no damage. 😨 HP[-3]
You take 3 damage, and now have 5/19 hp.
Unknown command.
You hit the kobold.
You kill the kobold!
The endoplasm hits you.
* * * LOW HITPOINT WARNING * * *
😱 HP[-1]
You take 1 damage, and now have 4/19 hp.
You barely miss the hobgoblin. The endoplasm misses you.
The hobgoblin hits you.
* * * LOW HITPOINT WARNING * * *
😱 HP[-2]
You take 2 damage, and now have 2/19 hp.
Unknown command.
You hit the endoplasm. The endoplasm misses you.
The hobgoblin barely misses you.
Unknown command.
You barely miss the endoplasm.
The endoplasm hits you but does no damage.
The hobgoblin barely misses you.
You hit the endoplasm.
You kill the endoplasm!
The hobgoblin hits you.
You die...

Skill      XL: |  1  2 |
---------------+-------+-----
Short Blades   | 1 |  1.6
Dodging        | 2 |  2.0
Stealth        | |  2.9
Spellcasting   | |  2.1
Hexes          | |  3.3

Action                     || total
---------------------------++-------
  Melee: Dagger            ||    51
         Tailslap          ||     5
   Stab: Sleeping          ||     5
 Armour: Robe              ||    26
  Dodge: Dodged            ||    26

Levels and vault maps discovered:
D:1:      amcnicky_arrival_wind_blow, layout_basic, basic_ecumenical_altar

Notes
Turn   | Place    | Note
-------+----------+-------------------------------------------
     0 | D:1      | kae the Demonspawn Enchanter began the quest for the Orb.
     0 | D:1      | Reached XP level 1. HP: 13/13 MP: 3/3
     0 | D:1      | magus.rc [v1.11.3]
    39 | D:1      | Reached skill level 1 in Short Blades
    90 | D:1      | Found a faded altar of an unknown god.
   113 | D:1      | Gained mutation: You have a small tail. [demonic ancestry]
   113 | D:1      | Reached XP level 2. HP: 19/19 MP: 5/5
   382 | D:1      | Reached skill level 2 in Dodging
   606 | D:1      | HP: 4/19 [endoplasm (1)]
   610 | D:1      | Slain by a hobgoblin

Vanquished Creatures
  2 bats (D:1)
  3 endoplasms (D:1)
  A giant cockroach (D:1)
  3 goblins (D:1)
  3 hobgoblins (D:1)
  7 kobolds (D:1)
  3 quokkas (D:1)
  2 rats (D:1)
24 creatures vanquished.

Table legend:
 A = Non-vault XP
 B = Vault XP
 C = Vault XP percentage of total XP
 D = Non-vault monster count
 E = Vault monster count
 F = Vault count percentage of total count
                 A         B        C        D         E       F
            +---------+---------+-------+---------+---------+-------
      Total |      40 |       0 |   0.0 |      24 |       0 |   0.0
            +---------+---------+-------+---------+---------+-------
        D:1 |      40 |       0 |   0.0 |      24 |       0 |   0.0
            +---------+---------+-------+---------+---------+-------

Skill      XL: |  1  2 |
---------------+-------+-----
Short Blades   | 1 |  1.6
Dodging        | 2 |  2.0
Stealth        | |  2.9
Spellcasting   | |  2.1
Hexes          | |  3.3

Action                     || total
---------------------------++-------
  Melee: Dagger            ||    51
         Tailslap          ||     5
   Stab: Sleeping          ||     5
 Armour: Robe              ||    26
  Dodge: Dodged            ||    26

Illustrated notes

Table legend:
 A = Kills in this place as a percentage of kills in the entire game.
 B = Kills by you in this place as a percentage of kills by you in the entire game.
 C = Kills by friends in this place as a percentage of kills by friends in the entire game.
 D = Other kills in this place as a percentage of other kills in the entire game.
 E = Experience gained in this place as a percentage of experience gained in the entire game.
 F = Experience gained in this place divided by the number of levels of this place that you have seen.
                   A       B       C       D       E      F
               +-------+-------+-------+-------+-------+----------------------
         Total | 100.0 | 100.0 |   N/A |   N/A | 100.0 |  40.0
       Dungeon | 100.0 | 100.0 |   N/A |   N/A | 100.0 |  40.0
               +-------+-------+-------+-------+-------+----------------------

Table legend: (Time is in decaauts)
 A = Elapsed time spent in this place.
 B = Non-inter-level travel time spent in this place.
 C = Inter-level travel time spent in this place.
 D = Time resting spent in this place.
 E = Time spent auto-exploring this place.
 F = Levels seen in this place.
 G = Mean time per level.
                   A        B        C        D        E       F      G
               +--------+--------+--------+--------+--------+-----+--------+
         Total |    606 |    606 |      0 |     24 |    444 |   1 |  606.0 |
       Dungeon |    606 |    606 |      0 |     24 |    444 |   1 |  606.0 |
               +--------+--------+--------+--------+--------+-----+--------+

Top non-repeatable levels by time:
     D:1: 606 daAuts
